[Event "Is Bankasi Online Satranc Turn.13-14 Yas"]
[Site "T#645826Mustafa Kemal"]
[Date "2020.05.08"]
[Round "1"]
[White "Hasancanari30"]
[Black "Berkeeroglu76"]
[Result "0-1"]
[WhiteElo "1620"]
[BlackElo "1774"]
[Annotator "NA RC"]
[PlyCount "74"]
[EventDate "2020.05.08"]
[EventType "swiss (blitz)"]
[TimeControl "180+2"]

1. d4 Nf6 2. c4 g6 3. Nc3 Bg7 4. e4 d6 5. f3 O-O 6. Be3 e5 7. d5 a5 8. Qd2 Na6 9. Nge2 Nc5 10. h4 h5 11. O-O-O Bd7 12. Bg5 Qe7 13. g4 hxg4 14. fxg4 Bxg4 15. Bh3 Bxh3 16. Rxh3 Qd7 17. Re3 Nh5 18. Rf3 f5 19. exf5 Rxf5 20. Rdf1 Raf8 21. Rxf5 Rxf5 22. Rxf5 Qxf5 23. Nb5 Nd3+ 24. Kd1 Qf1+ 25. Kc2 Nb4+ 26. Kb3 Na6 27. Nec3 Nf4 28. Bxf4 exf4 29. Qc2 Qg1 30. Qe4 Nc5+ 31. Ka3 Nxe4 32. Nxe4 Qg2 33. Nec3 f3 34. Nxc7 f2 35. Ne6 f1=Q 36. Ng5 Qxc4 37. Ne6 Qb4# {[%emt 0:00:02] (Lag: Av=0.69s, max=3.7s)} 0-1

[Event "Is Bankasi Online Satranc Turn.13-14 Yas"]
[Site "T#645826Mustafa Kemal"]
[Date "2020.05.08"]
[Round "1"]
[White "Sinasiatabozku42"]
[Black "Abdullahefeani74"]
[Result "1-0"]
[WhiteElo "1620"]
[BlackElo "1620"]
[Annotator "NA RC"]
[PlyCount "117"]
[EventDate "2020.05.08"]
[EventType "swiss (blitz)"]
[TimeControl "180+2"]

1. c4 d6 2. Nc3 Nd7 3. g3 Ngf6 4. Bg2 e5 5. Nf3 Be7 6. O-O c6 7. d3 Qc7 8. Nd2 O-O 9. Nde4 Re8 10. f4 b6 11. fxe5 dxe5 12. Nxf6+ Bxf6 13. Nb5 cxb5 14. Bxa8 Bb7 15. Bxb7 Qxb7 16. cxb5 Nc5 17. e4 Rd8 18. Rf3 Nxe4 19. Qe2 Nc5 20. Re3 h6 21. Bd2 Qd5 22. Rd1 Bg5 23. Rf3 Qd4+ 24. Be3 Bxe3+ 25. Qxe3 Qxb2 26. Rd2 Qxb5 27. Qxe5 Qa5 28. Rdf2 Rxd3 29. Rxd3 Nxd3 30. Qe8+ Kh7 31. Qe4+ g6 32. Qxd3 Qg5 33. Rxf7+ Kg8 34. Rf1 Qc5+ 35. Rf2 Qc1+ 36. Kg2 {[%emt 0:00:02] Abdullahefeani74 beraberlik teklif ediyor} Qc6+ 37. Qf3 Qxf3+ 38. Rxf3 Kg7 39. Ra3 a5 40. Rb3 b5 41. Rxb5 a4 42. Ra5 {[%emt 0:00:01] Abdullahefeani74 beraberlik teklif ediyor} Kf6 43. Rxa4 Ke5 44. Rb4 Kd5 45. a4 Kc5 46. Rb1 h5 47. a5 h4 48. a6 h3+ {[%emt 0:00:01] Abdullahefeani74 beraberlik teklif ediyor} 49. Kxh3 g5 50. a7 g4+ 51. Kg2 Kc6 52. a8=Q+ Kc5 53. Qc8+ Kd6 54. Rd1+ Ke5 55. Qe8+ {[%emt 0:00:02] Abdullahefeani74 beraberlik teklif ediyor} Kf6 56. Rf1+ Kg7 57. Rf7+ Kg6 58. Qg8+ Kh6 59. Rh7# {[%emt 0:00:00] (Lag: Av=1.52s, max=6.5s)} 1-0

[Event "Is Bankasi Online Satranc Turn.13-14 Yas"]
[Site "T#645826Mustafa Kemal"]
[Date "2020.05.08"]
[Round "1"]
[White "Yigitemreyilma02"]
[Black "Suatcankorkmaz06"]
[Result "1-0"]
[WhiteElo "1620"]
[BlackElo "1620"]
[Annotator "NA RC"]
[PlyCount "47"]
[EventDate "2020.05.08"]
[EventType "swiss (blitz)"]
[TimeControl "180+2"]

1. e4 c5 2. Nf3 d6 3. d4 cxd4 4. Nxd4 Nf6 5. Nc3 a6 6. Bg5 e6 7. f4 Be7 8. Qd2 Nbd7 9. O-O-O O-O 10. Be2 h6 11. Bxf6 Nxf6 12. g4 d5 13. e5 Nd7 14. h4 Bxh4 15. Nf3 Be7 16. g5 f6 17. gxh6 gxh6 18. Bd3 f5 19. Qg2+ Kf7 20. Rxh6 Rg8 21. Rh7+ Kf8 22. Qh2 Qe8 23. Qh6+ Rg7 24. Qxg7# {[%emt 0:00:02] (Lag: Av=0.54s, max=2.5s)} 1-0

[Event "Is Bankasi Online Satranc Turn.13-14 Yas"]
[Site "T#645826Mustafa Kemal"]
[Date "2020.05.08"]
[Round "2"]
[White "Boratuncaya04"]
[Black "Civangurbuz34"]
[Result "0-1"]
[WhiteElo "1620"]
[BlackElo "1620"]
[Annotator "NA RC"]
[PlyCount "54"]
[EventDate "2020.05.08"]
[EventType "swiss (blitz)"]
[TimeControl "180+2"]

1. d4 e6 2. e4 c5 3. dxc5 Bxc5 4. Bd2 Qb6 5. Be3 Bxe3 6. fxe3 Qxb2 7. Nd2 Nc6 8. Bc4 Ne5 9. Rb1 Qc3 10. Bb3 Qxe3+ 11. Qe2 Ng4 12. h3 Qxe2+ 13. Kxe2 Ne5 14. Ngf3 Ng6 15. Kf2 b6 16. Rhe1 Bb7 17. Kg1 Nf4 18. Ng5 h6 19. Ngf3 Nf6 20. g3 Nxh3+ 21. Kg2 Ng5 22. Nxg5 hxg5 23. Nf3 Bxe4 24. Kf2 Bxf3 25. Kxf3 g4+ 26. Kg2 Rc8 27. Rbd1 Rc3 {[%emt 0:00:05] Zaman (Lag: Av=0.51s, max=0.9s)} 0-1

[Event "Is Bankasi Online Satranc Turn.13-14 Yas"]
[Site "T#645826Mustafa Kemal"]
[Date "2020.05.08"]
[Round "2"]
[White "Ertugrulsavcil46"]
[Black "Sinancanaltay20"]
[Result "0-1"]
[WhiteElo "1620"]
[BlackElo "1522"]
[Annotator "NA RC"]
[PlyCount "64"]
[EventDate "2020.05.08"]
[EventType "swiss (blitz)"]
[TimeControl "180+2"]

1. e4 g6 2. Nc3 Bg7 3. g3 d6 4. Bg2 Nd7 5. b3 Ngf6 6. Bb2 Kf8 7. d3 e5 8. Nge2 Ke7 9. O-O Re8 10. Re1 Kf8 11. Qd2 Kg8 12. a4 a5 13. Nd5 b6 14. Nxf6+ Nxf6 15. d4 exd4 16. Nxd4 Bb7 17. e5 dxe5 18. Bxb7 Rb8 19. Nc6 Qxd2 20. Nxb8 Ng4 21. Rf1 Rxb8 22. Rad1 Qxc2 23. Bf3 Qxb2 24. Bxg4 Qxb3 25. Ra1 e4 26. Rfb1 Qd3 27. Ra2 Qxb1+ 28. Kg2 Qxa2 29. h4 Bd4 30. Be2 Qxe2 31. Kh3 Qxf2 32. Kg4 Qf5# {[%emt 0:00:04] (Lag: Av=0.49s, max=0.8s)} 0-1

[Event "Is Bankasi Online Satranc Turn.13-14 Yas"]
[Site "T#645826Mustafa Kemal"]
[Date "2020.05.08"]
[Round "3"]
[White "Muhammedeminar20"]
[Black "Sarpkagankoca32"]
[Result "1-0"]
[WhiteElo "1762"]
[BlackElo "1620"]
[Annotator "NA RC"]
[PlyCount "45"]
[EventDate "2020.05.08"]
[EventType "swiss (blitz)"]
[TimeControl "180+2"]

1. d4 Nf6 2. Nf3 e6 3. Bf4 d5 4. e3 c5 5. c3 Nc6 6. Bd3 Bd7 7. Nbd2 Be7 8. h3 O-O 9. O-O Rc8 10. Bh2 cxd4 11. exd4 Be8 12. Re1 Bd6 13. Bxd6 Qxd6 14. Ne5 Nd7 15. f4 Ndxe5 16. fxe5 Qe7 17. Nf3 h6 18. Rc1 Na5 19. b3 Rc6 20. Bb1 Qc7 21. Qd3 g6 22. Nh2 h5 23. g4 {[%emt 0:00:03] Zaman (Lag: Av=0.61s, max=1.3s)} 1-0